 Dungeon Crawl Stone Soup version 0.18.1-8-gdd0e5ea (webtiles) character file.

40 Freshguac the Grave Robber (level 3, -1/36 HPs)
             Began as a Human Necromancer on June 2, 2016.
             Slain by Ijyb (3 damage)
             ... on level 2 of the Dungeon.
             The game lasted 00:09:36 (1080 turns).

Freshguac the Grave Robber (Human Necromancer)      Turns: 1080, Time: 00:09:37

Health: -1/36      AC: 21    Str:  5 (8)  XL:     3   Next: 72%
Magic:  8/15       EV:  2    Int: 15 (16) God:
Gold:   85         SH:  0    Dex: 10 (13) Spells: 2 memorised, 5 levels left

rFire  x . .     SeeInvis .     (no weapon)
rCold  + . .     Gourm    .     (armour currently unavailable)
rNeg   + + +     Faith    .     (no shield)
rPois  +         Spirit   .     (helmet currently unavailable)
rElec  .         Dismiss  .     (cloak currently unavailable)
rCorr  .         Reflect  .     (gloves currently unavailable)
SustAt .         Harm     .     (boots currently unavailable)
MR     .....     NoTele   +     (no amulet)
Stlth  ++........               d - ring of magical power
                                h - ring of ice

@: tree-form (expiring), very slightly contaminated, not resistant to hostile
enchantments, unstealthy
A: no striking features
a: no special abilities


You were on level 2 of the Dungeon.
You were not hungry.
You were a tree.
You visited 1 branch of the dungeon, and saw 2 of its levels.

You collected 85 gold pieces.

Inventory:

Missiles
 e - 47 sling bullets
 g - 52 stones (quivered)
Armour
 a - a +1 robe (melded)
Jewellery
 d - a ring of magical power (right branch)
 h - a ring of ice (left branch)
Scrolls
 n - a scroll of identify
 o - a scroll of fear {unknown}
Books
 b - a book of Necromancy

   Spells                             Type                      Level
   a - Pain                           Necromancy                   1
   b - Animate Skeleton               Necromancy                   1
   c - Vampiric Draining              Necromancy                   3
   d - Regeneration                   Charms/Necromancy            3
   e - Animate Dead                   Necromancy                   4
   f - Control Undead                 Necromancy                   4
Comestibles
 c - a bread ration
 f - 2 meat rations
 k - a beef jerky
 l - a chunk of flesh


   Skills:
 + Level 2.3 Dodging
 + Level 2.0 Stealth
 + Level 2.5 Spellcasting
 + Level 4.6 Necromancy


You had 5 spell levels left.
You knew the following spells:

 Your Spells              Type           Power        Failure   Level  Hunger
a - Pain                  Necr           ###.         3%          1    #......
b - Animate Skeleton      Necr           N/A          3%          1    #......


Dungeon Overview and Level Annotations

Branches:
Dungeon (2/15)

Altars:

Annotations:
D:2 Ijyb


Message History

The hobgoblin hits you but does no damage.
Ijyb hits you but does no damage.
The jackal bites you but does no damage.
The hobgoblin hits you but does no damage.
Ijyb hits you but does no damage.
The jackal bites you but does no damage.
Ijyb completely misses you.
The hobgoblin hits you but does no damage.
The jackal bites you but does no damage.
Ijyb barely misses you.
The jackal bites you but does no damage.
The hobgoblin hits you but does no damage.
Ijyb hits you but does no damage.
The jackal bites you but does no damage.
Ijyb hits you but does no damage.
The hobgoblin hits you but does no damage.
The jackal bites you but does no damage.
Ijyb screams, "Die!"
Ijyb hits you.
You die...

*,,,,..####..####....#.#+**,,≈≈
*******..................#,,*,≈≈≈
*,,,,,,.............##.#.#,,*≈≈≈≈
,,,,,,,.#####..........#.#,,*≈≈≈≈
,,,,,,,,* ###.##.......#,*,,*,≈≈≈
,,,,,,,,* #...,#.##.##.#,****,,≈≈
,,,,,,,,*##...,#.##.#*.#,*,,,≈≈≈*
,,,,,,,,,......#.##+##.#,*,,≈≈≈**
,,,,,,,,*#.....g♣......#,*,,≈≈**,
,,,,,,,,*#...#.gh......#,*,≈≈**,*
*,*,,,,,,..............#,*≈≈**,,,
*,,,,,,,**###.##....$...,******,,
***,***,,,,...,.........,***,,,,,
,,,,* ****###,*#........,**,**,,*
***,* *,*#........,**,,,,*, *,*
*,*#........,***,,,,,
*************,**,,,,,,,,,**,,**,,


You could see Ijyb, a jackal and a hobgoblin.

Vanquished Creatures
  An adder (D:2)
  4 dart slugs (D:1)
  A giant gecko (D:1)
  3 bats (D:1)
  A giant cockroach (D:1)
  2 jackals (D:2)
  A giant newt (D:1)
  3 goblins (D:1)
  6 kobolds (D:1)
  2 rats (D:1)
24 creatures vanquished.

Notes
Turn   | Place    | Note
--------------------------------------------------------------
     0 | D:1      | Freshguac the Human Necromancer began the quest for the Orb.
     0 | D:1      | Reached XP level 1. HP: 13/13 MP: 3/3
     2 | D:1      | Learned a level 1 spell: Animate Skeleton
   104 | D:1      | Reached XP level 2. HP: 13/19 MP: 1/5
   487 | D:1      | Reached XP level 3. HP: 23/24 MP: 4/6
  1054 | D:2      | Noticed Ijyb
  1075 | D:2      | HP: 1/36 [Ijyb (1)]
  1080 | D:2      | Slain by Ijyb

Action                   || total
-------------------------++-------
Melee: Unarmed           ||    10
Throw: Stone             ||     1
 Cast: Pain              ||    38
  Use: Scroll            ||     4
       Potion            ||     4
  Eat: Chunk             ||     1
Armor: Robe              ||     8
       Skin              ||    51
Dodge: Dodged            ||    29
